 Dungeon Crawl Stone Soup version 0.26-a0-524-g073066f631 (webtiles) character file.

Game seed: 11004494396177345565

16761 Gargoyl the Fighter (level 12, -2/97 HPs)
             Began as a Gnoll Abyssal Knight on Aug 12, 2020.
             Was a High Priest of Lugonu.
             Slain by a black mamba (12 damage)
             ... on level 4 of the Lair of Beasts on Aug 13, 2020.
             The game lasted 00:21:20 (17378 turns).

Gargoyl the Fighter (Gnoll Abyssal Knight)         Turns: 17378, Time: 00:21:21

Health: -2/97      AC: 12    Str: 17    XL:     12   Next: 40%
Magic:  22/22      EV: 14    Int: 15    God:    Lugonu [*****.]
Gold:   1019       SH:  0    Dex: 17    Spells: 25/25 levels left

rFire    + . .     SeeInvis .   y - +7 flail (holy)
rCold    . . .     Faith    .   c - +5 kite shield
rNeg     . . .     Spirit   .   f - +4 ring mail {rF+}
rPois    +         Reflect  +   (no helmet)
rElec    .         Harm     .   b - +0 cloak
rCorr    .                      (no gloves)
MR       .....                  (no boots)
Stlth    +.........             v - amulet of reflection
HPRegen  0.26/turn              d - ring of poison resistance
MPRegen  0.18/turn              (no ring)

@: confused, lethally poisoned (-2 -> -26)
A: distributed training, fangs 1, strong nose
a: Depart the Abyss, Bend Space, Banish, Corrupt, Enter the Abyss, Renounce
Religion


You were on level 4 of the Lair of Beasts.
You worshipped Lugonu.
Lugonu was extremely pleased with you.
You visited 2 branches of the dungeon, and saw 14 of its levels.
You visited the Abyss 1 time.

You collected 1219 gold pieces.
You spent 200 gold pieces at shops.

Inventory:

Hand Weapons
 a - a +2 hand axe
 y - a +7 flail of holy wrath (weapon)
Missiles
 h - 5 javelins
 z - 7 silver javelins (quivered)
Armour
 b - a +0 cloak (worn)
 c - a +5 kite shield (worn)
 f - a +4 ring mail of fire resistance (worn)
Jewellery
 d - a ring of poison resistance (left hand)
 v - an amulet of reflection (around neck)
Wands
 t - a wand of flame (24)
 D - a wand of random effects (27)
 E - a wand of acid (4)
Scrolls
 e - a scroll of identify
 n - 3 scrolls of blinking
 p - 4 scrolls of teleportation
 r - 3 scrolls of remove curse
 x - 3 scrolls of magic mapping
 A - a scroll of fear
Potions
 g - a potion of invisibility
 i - 3 potions of heal wounds
 j - 3 potions of ambrosia
 k - 2 potions of might
 l - a potion of brilliance
 m - 2 potions of stabbing
 o - 3 potions of magic {unknown}
 q - 3 potions of mutation {unknown}
 s - 9 potions of curing {unknown}
 u - 3 potions of berserk rage {unknown}
 w - a potion of lignification {unknown}
 B - a potion of flight {unknown}
 C - 2 potions of cancellation {unknown}


   Skills:
 + Level 9.8 Fighting
 + Level 7.2 Short Blades
 + Level 7.2 Long Blades
 + Level 8.7 Axes
 + Level 7.2 Maces & Flails
 + Level 7.2 Polearms
 + Level 7.2 Staves
 + Level 7.2 Slings
 + Level 7.2 Bows
 + Level 7.2 Crossbows
 + Level 7.2 Throwing
 + Level 8.7 Armour
 + Level 7.7 Dodging
 + Level 7.2 Stealth
 + Level 7.2 Shields
 + Level 7.2 Unarmed Combat
 + Level 7.2 Spellcasting
 + Level 6.0 Conjurations
 + Level 6.0 Hexes
 + Level 6.0 Summonings
 + Level 6.0 Necromancy
 + Level 6.0 Translocations
 + Level 6.0 Transmutations
 + Level 6.0 Fire Magic
 + Level 6.0 Ice Magic
 + Level 6.0 Air Magic
 + Level 6.0 Earth Magic
 + Level 6.0 Poison Magic
 + Level 9.2 Invocations
 + Level 7.2 Evocations


You had 25 spell levels left.
You didn't know any spells.
Your spell library contained the following spells:

 Spells                   Type           Power        Failure   Level
 Beastly Appendage        Tmut           ###...       4%          1
 Foxfire                  Conj/Fire      ###.         4%          1
 Wereblood                Tmut           ###.....     8%          2
 Conjure Flame            Conj/Fire      ###.....     14%         3
 Inner Flame              Hex/Fire       ###.....     14%         3
 Spider Form              Tmut/Pois      ###.......   14%         3
 Ice Form                 Ice/Tmut       ###.....     43%         4
 Sticky Flame             Conj/Fire      ###.....     43%         4
 Blade Hands              Tmut           ###.......   80%         5
 Fireball                 Conj/Fire      ###.......   80%         5


Dungeon Overview and Level Annotations

Branches:
Dungeon (10/15)            Temple (0/1) D:6            Lair (4/6) D:10
 Spider (0/4) Lair:3          Orc (0/2) D:10
  Swamp: Lair:2-4    Shoals: Lair:2-4

Altars:
Ashenzari
Cheibriados
Dithmenos
Elyvilon
Fedhas
Gozag
Kikubaaqudgha
Makhleb
Nemelex Xobeh
Trog
Yredelemnul
The Shining One

Shops:
D:7 *   D:8 }!:


Innate Abilities, Weirdness & Mutations

Your experience applies equally to all skills.
You have very sharp teeth.
Your uncanny sense of smell can sniff out nearby items.


Message History

You are lethally poisoned!
The black mamba poisons you! The black mamba bites you!
* * * LOW HITPOINT WARNING * * *
You feel much better.
You feel very sick. You block the black mamba's attack. x2
The black mamba bites you but does no damage.
You are confused.
You feel invigorated.
You feel very sick.
The black mamba bites you but does no damage. x2
The black mamba closely misses you. The black mamba bites you!
* * * LOW HITPOINT WARNING * * *
You're too confused to move!
* * * LOW HITPOINT WARNING * * *
You feel very sick. The black mamba bites you!
* * * LOW HITPOINT WARNING * * *
The black mamba barely misses you. The black mamba bites you!
You die...

∆ ∆ ## ### ###S##.##
#.SS@...# #(.##..## #$
##..# ..... # ##...#
..........≈####....# ∆
..........##.P##..##
........P.#..†.#.##
..........###....##
...........####.†.##...


You could see 3 black mambas.

Vanquished Creatures
  A two-headed ogre (D:8)
  Nergalle (Lair:3)
  Pikel (D:5)
  2 komodo dragons
  2 cane toads (Lair:2)
  6 hippogriffs
  Prince Ribbit (D:5)
  4 blink frogs (Lair:3)
  Sigmund (D:3)
  Eustachio (D:5)
  2 redbacks (Lair:3)
  2 wyverns
  A basilisk (D:10)
  22 yaks
  Edmund (D:6)
  13 water moccasins
  4 porcupines
  Duvessa (D:5)
  An orc warrior (D:9)
  4 sky beasts
  An ice beast (D:7)
  6 black bears
  A phantom (D:5)
  7 ogres
  A wolf (D:10)
  A lemure (D:5)
  4 centaurs
  8 crocodiles
  Blork the orc (D:4)
  7 bullfrogs
  3 big kobolds
  Dowan (D:5)
  A wyvern skeleton (D:7)
  A water moccasin skeleton (D:8)
  3 scorpions
  9 wights
  3 howler monkeys
  5 hounds
  2 jellies
  A centaur skeleton (D:7)
  4 orc priests
  A bullfrog skeleton (D:10)
  4 iguanas
  8 orc wizards
  4 hell rats (D:7)
  A killer bee zombie (D:6)
  2 hound skeletons
  A worker ant zombie (D:6)
  7 gnolls
  A howler monkey skeleton (D:8)
  5 adders
  3 river rats (D:7)
  3 shadow imps
  2 white imps
  3 ufetubi
  2 oozes
  3 adder zombies
  2 worms
  2 dart slugs
  6 leopard geckos
  37 orcs
  2 ball pythons
  12 bats
  5 giant cockroaches
  10 goblins
  11 hobgoblins
  6 jackals
  9 quokkas
  A ball python skeleton (D:4)
  5 frilled lizards
  A jackal skeleton (D:5)
  32 kobolds
  2 leopard gecko zombies (D:5)
  16 rats
350 creatures vanquished.

Vanquished Creatures (others)
  A cane toad (Lair:1)
  An orc warrior (D:8)
2 creatures vanquished.

Grand Total: 352 creatures vanquished

Notes
Turn   | Place    | Note
-------+----------+-------------------------------------------
     0 | Abyss:1  | Gargoyl the Gnoll Abyssal Knight began the quest for the
                  | Orb.
     0 | Abyss:1  | Reached XP level 1. HP: 23/23 MP: 3/3
    87 | Abyss:1  | Noticed a smoke demon
    88 | D:1      | Escaped the Abyss
   240 | D:1      | Noticed an ogre
   400 | D:1      | Reached XP level 2. HP: 29/29 MP: 5/5
   514 | D:1      | Reached * piety under Lugonu
   986 | D:1      | Reached XP level 3. HP: 35/35 MP: 6/6
  1774 | D:2      | Found a blossoming altar of Fedhas.
  1945 | D:2      | Reached skill level 1 in Short Blades
  1945 | D:2      | Reached skill level 1 in Long Blades
  1945 | D:2      | Reached skill level 1 in Maces & Flails
  1945 | D:2      | Reached skill level 1 in Polearms
  1945 | D:2      | Reached skill level 1 in Staves
  1945 | D:2      | Reached skill level 1 in Slings
  1945 | D:2      | Reached skill level 1 in Bows
  1945 | D:2      | Reached skill level 1 in Crossbows
  1945 | D:2      | Reached skill level 1 in Throwing
  1945 | D:2      | Reached skill level 1 in Stealth
  1945 | D:2      | Reached skill level 1 in Shields
  1945 | D:2      | Reached skill level 1 in Unarmed Combat
  1945 | D:2      | Reached skill level 1 in Spellcasting
  1945 | D:2      | Reached skill level 1 in Evocations
  2004 | D:2      | Reached XP level 4. HP: 41/41 MP: 7/7
  2523 | D:3      | Reached ** piety under Lugonu
  2539 | D:3      | Reached skill level 1 in Conjurations
  2539 | D:3      | Reached skill level 1 in Hexes
  2539 | D:3      | Reached skill level 1 in Summonings
  2539 | D:3      | Reached skill level 1 in Necromancy
  2539 | D:3      | Reached skill level 1 in Translocations
  2539 | D:3      | Reached skill level 1 in Transmutations
  2539 | D:3      | Reached skill level 1 in Fire Magic
  2539 | D:3      | Reached skill level 1 in Ice Magic
  2539 | D:3      | Reached skill level 1 in Air Magic
  2539 | D:3      | Reached skill level 1 in Earth Magic
  2539 | D:3      | Reached skill level 1 in Poison Magic
  2539 | D:3      | Reached XP level 5. HP: 29/47 MP: 4/8
  2683 | D:3      | Noticed Sigmund
  2702 | D:3      | Killed Sigmund
  2702 | D:3      | Reached skill level 5 in Invocations
  2702 | D:3      | Reached XP level 6. HP: 53/53 MP: 9/9
  2884 | D:3      | Reached skill level 5 in Axes
  2884 | D:3      | Reached skill level 5 in Armour
  3587 | D:4      | Noticed Blork the orc
  3612 | D:4      | Killed Blork the orc
  3612 | D:4      | Reached XP level 7. HP: 41/59 MP: 10/10
  4575 | D:5      | Entered Level 5 of the Dungeon
  4686 | D:5      | Noticed Dowan
  4686 | D:5      | Noticed Duvessa
  4687 | D:5      | Noticed Prince Ribbit
  4693 | D:5      | Killed Duvessa
  4706 | D:5      | Killed Dowan
  4735 | D:5      | Killed Prince Ribbit
  4735 | D:5      | Reached XP level 8. HP: 48/67 MP: 10/12
  4896 | D:5      | Noticed Eustachio
  4936 | D:5      | Killed Eustachio
  5032 | D:5      | Reached *** piety under Lugonu
  5408 | D:5      | Found a sparkling altar of Nemelex Xobeh.
  5765 | D:6      | Noticed Edmund
  5791 | D:6      | Killed Edmund
  5791 | D:6      | Reached XP level 9. HP: 59/73 MP: 12/14
  5893 | D:6      | Noticed Pikel
  6097 | D:5      | Killed Pikel
  6097 | D:5      | Reached skill level 5 in Dodging
  6171 | D:6      | Found a staircase to the Ecumenical Temple.
  7013 | D:7      | Found a shattered altar of Ashenzari.
  7624 | D:7      | Found Irietz's General Store.
  7717 | D:7      | Reached **** piety under Lugonu
  7717 | D:7      | Reached XP level 10. HP: 80/80 MP: 17/17
  8030 | D:7      | Found an opulent altar of Gozag.
  8031 | D:7      | Found a basalt altar of Yredelemnul.
  8041 | D:7      | Found a sparkling altar of Nemelex Xobeh.
  8042 | D:7      | Found a glowing golden altar of the Shining One.
  8042 | D:7      | Found a burning altar of Makhleb.
  8042 | D:7      | Found a white marble altar of Elyvilon.
  8042 | D:7      | Found a snail-covered altar of Cheibriados.
  8043 | D:7      | Found a shadowy altar of Dithmenos.
  8044 | D:7      | Found a blossoming altar of Fedhas.
  8045 | D:7      | Found a bloodstained altar of Trog.
  8046 | D:7      | Found an ancient bone altar of Kikubaaqudgha.
  8407 | D:8      | Noticed a two-headed ogre
  8423 | D:8      | Killed a two-headed ogre
  8423 | D:8      | Reached skill level 5 in Short Blades
  8423 | D:8      | Reached skill level 5 in Long Blades
  8423 | D:8      | Reached skill level 5 in Maces & Flails
  8423 | D:8      | Reached skill level 5 in Polearms
  8423 | D:8      | Reached skill level 5 in Staves
  8423 | D:8      | Reached skill level 5 in Slings
  8423 | D:8      | Reached skill level 5 in Bows
  8423 | D:8      | Reached skill level 5 in Crossbows
  8423 | D:8      | Reached skill level 5 in Throwing
  8423 | D:8      | Reached skill level 5 in Stealth
  8423 | D:8      | Reached skill level 5 in Shields
  8423 | D:8      | Reached skill level 5 in Unarmed Combat
  8423 | D:8      | Reached skill level 5 in Spellcasting
  8423 | D:8      | Reached skill level 5 in Evocations
  8691 | D:8      | Found Nufa Uze's Gadget Boutique.
  8707 | D:8      | Reached ***** piety under Lugonu
  8854 | D:8      | Found Gaorphinil's Distillery.
  9248 | D:8      | Found Sawuuss's Book Shop.
  9250 | D:8      | Bought a potion of heal wounds for 50 gold pieces
  9250 | D:8      | Bought 2 potions of heal wounds for 100 gold pieces
  9250 | D:8      | Bought a potion of heal wounds for 50 gold pieces
  9712 | D:9      | Reached XP level 11. HP: 66/87 MP: 14/19
  9957 | D:9      | Got an iridescent flail
  9958 | D:9      | Identified the cursed +2 flail of Ogompuith {vorpal, rPois
                  | Int+7 Dex-2 SInv} (You found it on level 9 of the Dungeon)
 10460 | D:8      | Reached skill level 5 in Conjurations
 10460 | D:8      | Reached skill level 5 in Hexes
 10460 | D:8      | Reached skill level 5 in Summonings
 10460 | D:8      | Reached skill level 5 in Necromancy
 10460 | D:8      | Reached skill level 5 in Translocations
 10460 | D:8      | Reached skill level 5 in Transmutations
 10460 | D:8      | Reached skill level 5 in Fire Magic
 10460 | D:8      | Reached skill level 5 in Ice Magic
 10460 | D:8      | Reached skill level 5 in Air Magic
 10460 | D:8      | Reached skill level 5 in Earth Magic
 10460 | D:8      | Reached skill level 5 in Poison Magic
 11009 | D:10     | Entered Level 10 of the Dungeon
 11140 | D:10     | Found a staircase to the Orcish Mines.
 11659 | D:10     | Found a staircase to the Lair.
 13377 | Lair:1   | Entered Level 1 of the Lair of Beasts
 13413 | Lair:1   | Upgraded the game from 0.26-a0-520-g952f204493 to
                  | 0.26-a0-524-g073066f631
 14641 | Lair:1   | You fall into a shaft and drop 1 floor!
 14869 | Lair:2   | Reached XP level 12. HP: 77/96 MP: 22/22
 15792 | Lair:3   | Identified a scroll of acquirement
 15792 | Lair:3   | Acquired 460 gold pieces
 16152 | Lair:3   | Found a hole to the Spider Nest.
 16325 | Lair:3   | Noticed Nergalle
 16358 | Lair:3   | Killed Nergalle
 17378 | Lair:4   | Slain by a black mamba

Illustrated notes

Levels and vault maps discovered:
D:1:      evilmike_arrival_come_back, layout_basic
D:2:      layout_rooms, chequers_serial_rivers_large_b, fedhas_altar_3
D:3:      layout_basic, st_stairs_4, kennysheep_nondescript,
          kennysheep_generic_room_3, uniq_sigmund
D:4:      corexii_shantytown, layout_layer_cave, uniq_blork_the_orc
D:5:      layout_loops_ring, nemelex_xobeh_ov_fountains_minmay, uniq_eustachio,
          uniq_prince_ribbit1, uniq_duvessa
D:6:      layout_cave_pools, minmay_temple_entry_gardened_gates, uniq_pikel,
          uniq_edmund
D:7:      lemuel_ratsnest, layout_basic, minitemple, old_standard_altar,
          serial_shops, nicolae_shop_crystal
D:8:      nicolae_whirlpool, layout_loops_cross, serial_shops, shop, shop,
          nicolae_shop_waterfront
D:9:      layout_roguey
D:10:     layout_grid_maze, minmay_lair_entry_grove
Lair:1:   layout_regular_city
Lair:2:   layout_long_grid, chequers_serial_rivers_room_a, lemuel_fruit_tree
Lair:3:   layout_layer_cave, spider_nest_entry_webs, uniq_nergalle
Lair:4:   beast_lair_carwin_large_2, layout_gridlike, elwin_shoals_entry_rooms

Skill      XL: |  1  2  3  4  5  6  7  8  9 10 11 12 |
---------------+-------------------------------------+-----
Short Blades   | 1 2 3 4 5 6 7 |  7.2
Long Blades    | 1 2 3 4 5 6 7 |  7.2
Maces & Flails | 1 2 3 4 5 6 7 |  7.2
Polearms       | 1 2 3 4 5 6 7 |  7.2
Staves         | 1 2 3 4 5 6 7 |  7.2
Slings         | 1 2 3 4 5 6 7 |  7.2
Bows           | 1 2 3 4 5 6 7 |  7.2
Crossbows      | 1 2 3 4 5 6 7 |  7.2
Throwing       | 1 2 3 4 5 6 7 |  7.2
Stealth        | 1 2 3 4 5 6 7 |  7.2
Shields        | 1 2 3 4 5 6 7 |  7.2
Unarmed Combat | 1 2 3 4 5 6 7 |  7.2
Spellcasting   | 1 2 3 4 5 6 7 |  7.2
Evocations     | 1 2 3 4 5 6 7 |  7.2
Conjurations   | 1 2 3 4 5 6 |  6.0
Hexes          | 1 2 3 4 5 6 |  6.0
Summonings     | 1 2 3 4 5 6 |  6.0
Necromancy     | 1 2 3 4 5 6 |  6.0
Translocations | 1 2 3 4 5 6 |  6.0
Transmutations | 1 2 3 4 5 6 |  6.0
Fire Magic     | 1 2 3 4 5 6 |  6.0
Ice Magic      | 1 2 3 4 5 6 |  6.0
Air Magic      | 1 2 3 4 5 6 |  6.0
Earth Magic    | 1 2 3 4 5 6 |  6.0
Poison Magic   | 1 2 3 4 5 6 |  6.0
Dodging        | 3 4 5 6 7 |  7.7
Invocations    | 5 6 7 8 9 |  9.2
Axes           | 5 6 7 8 |  8.7
Armour         | 5 6 7 8 |  8.7
Fighting       | 7 8 9 |  9.8

Action                   |  1- 3 |  4- 6 |  7- 9 | 10-12 || total
-------------------------+-------+-------+-------+-------++-------
Melee: Hand axe          |   133 |   140 |   527 |   514 ||  1314
       Bite              |    12 |    15 |    80 |   145 ||   252
       Flail             |       |       |       |   524 ||   524
Throw: Javelin           |       |       |     4 |     1 ||     5
Invok: Depart the Abyss  |     1 |       |       |       ||     1
       Bend Space        |       |       |       |     4 ||     4
       Banish            |       |       |       |     2 ||     2
  Use: Scroll            |       |    14 |     6 |    13 ||    33
       Potion            |       |     1 |     1 |     5 ||     7
 Stab: Sleeping          |     1 |       |     2 |    13 ||    16
       Distracted        |       |       |       |     1 ||     1
Armor: Leather armour    |    10 |       |       |       ||    10
       Ring mail         |    38 |    31 |   136 |   253 ||   458
Dodge: Dodged            |    58 |    48 |   165 |   399 ||   670
Block: Kite shield       |    84 |    91 |   372 |  1058 ||  1605
       Reflection        |       |       |       |     2 ||     2

Table legend: (Time is in decaauts)
 A = Elapsed time spent in this place.
 B = Non-inter-level travel time spent in this place.
 C = Inter-level travel time spent in this place.
 D = Time resting spent in this place.
 E = Time spent auto-exploring this place.
 F = Levels seen in this place.
 G = Mean time per level.
                   A        B        C        D        E       F      G
               +--------+--------+--------+--------+--------+-----+--------+
         Total |  17603 |  17250 |    353 |   4161 |   9150 |  15 | 1173.5 |
       Dungeon |  14032 |  13714 |    318 |   3329 |   7132 |  10 | 1403.2 |
          Lair |   3482 |   3447 |     35 |    832 |   1941 |   4 |  870.5 |
         Abyss |     88 |     88 |      0 |      0 |     77 |   1 |   88.0 |
               +--------+--------+--------+--------+--------+-----+--------+

Top non-repeatable levels by time:
    D:10: 2679 daAuts
     D:1: 1592 daAuts
     D:8: 1589 daAuts
     D:7: 1577 daAuts
     D:4: 1450 daAuts
     D:5: 1362 daAuts
  Lair:3: 1328 daAuts
     D:9: 1322 daAuts
  Lair:2: 1132 daAuts
     D:3: 1002 daAuts
     D:6: 942 daAuts
  Lair:1: 722 daAuts
     D:2: 514 daAuts
  Lair:4: 298 daAuts
 Abyss:1: 88 daAuts
